 Dungeon Crawl Stone Soup version 0.30.0-13-g156ef70053 (webtiles) character file.

Game seed: 17415815632244839526

170 Pimp the Conjurer (level 5, -8/32 HPs)
             Began as a Tengu Reaver on May 17, 2023.
             Was an Initiate of Okawaru.
             Killed by nerve-wracking pain
             ... invoked by an orc priest
              (11 damage)
             ... on level 3 of the Dungeon.
             The game lasted 00:04:12 (2398 turns).

Pimp the Conjurer (Tengu Reaver)                    Turns: 2398, Time: 00:04:12

Health: -8/32      AC:  7    Str: 13    XL:     5   Next: 51%
Magic:  10/10      EV: 13    Int: 13    God:    Okawaru [......]
Gold:   115        SH:  0    Dex: 14    Spells: 8/9 levels left

rFire   . . .        a - +1 falchion
rCold   + . .        (no shield)
rNeg    . . .        m - +2 ring mail {rC+}
rPois   +            (helmet restricted)
rElec   .            (no cloak)
rCorr   +            (no gloves)
SInv    .            (boots unavailable)
Will    .....        (no amulet)
Stlth   +            f - ring of resist corrosion
HPRegen 0.25/turn    j - ring of poison resistance
MPRegen 0.12/turn

%: no passive effects
@: flying quickly and evasively, quick
A: beak, talons 3, nimble flight
a: Renounce Religion


You were on level 3 of the Dungeon.
You worshipped Okawaru.
Okawaru was noncommittal.
You visited 1 branch of the dungeon, and saw 3 of its levels.

You collected 115 gold pieces.

Inventory:

Hand Weapons
 a - a +1 falchion (weapon)
 l - a +0 long sword
Armour
 b - a +0 leather armour
 m - a +2 ring mail of cold resistance (worn)
Jewellery
 c - a ring of magical power
 f - a ring of resist corrosion (left hand)
 j - a ring of poison resistance (right hand)
Wands
 o - a wand of digging (5)
Scrolls
 h - a scroll of immolation
Potions
 d - a potion of brilliance {unknown}
 i - a potion of heal wounds {unknown}
 p - a potion of attraction {unknown}
 r - a potion of berserk rage {unknown}
 s - a potion of ambrosia {unknown}


   Skills:
 + Level 3.0 Fighting
 + Level 4.1 Long Blades
 + Level 3.3 Dodging
 + Level 2.8 Spellcasting
 + Level 5.0 Conjurations


You had 8 spell levels left.
You knew the following spells:

 Your Spells              Type           Power      Damage    Failure   Level
a - Kiss of Death         Conj/Necr      32%        2d7       19%         1

Your spell library contained the following spells:

 Spells                   Type           Power      Damage    Failure   Level
 Momentum Strike          Conj/Tloc      16%        3d8       28%         2
 Hailstorm                Conj/Ice       8%         3d4       50%         3


Dungeon Overview and Level Annotations

Branches:
Dungeon (3/15)

Altars:
Elyvilon
Okawaru


Innate Abilities, Weirdness & Mutations

You have a beak for a mouth.
You have claws for feet.
Your magical nature lets you fly swiftly and evasively.


Message History

The orc priest is almost dead.
The orc priest hits you with a +0 flail.
You barely miss the orc priest.
The orc priest is almost dead.
The orc priest calls down the wrath of Beogh upon you.
Pain shoots through your body!
You hit the orc priest.
You kill the orc priest!
Okawaru accepts your kill.
The orc priest looks encouraged for a moment.
The orc hits you but does no damage.
Your Fighting skill increases to level 3!
Your Conjurations skill increases to level 5!
You feel better. The orc hits you with a +0 falchion.
The orc hits you with a +0 hand axe. The orc closely misses you.
The orc priest splashes around in the water.
The orc hits you but does no damage.
You hit the orc priest. Your kick misses the orc priest.
The orc priest is moderately wounded.
The orc hits you with a +0 hand axe.
The orc priest invokes the aid of Beogh against you.
Beogh smites you!
* * * LOW HITPOINT WARNING * * *
The orc completely misses you.
You feel better. The orc closely misses you.
The orc priest hits you but does no damage.
The orc closely misses you.
You barely miss the orc priest. Your kick misses the orc priest.
You peck the orc priest, but do no damage.
The orc priest is moderately wounded.
The orc hits you with a +0 hand axe.
* * * LOW HITPOINT WARNING * * *
The orc priest splashes around in the water.
The orc hits you with a +0 falchion.
* * * LOW HITPOINT WARNING * * *
The orc barely misses you.
The orc priest calls down the wrath of Beogh upon you.
Pain shoots through your body!
You die...

########~~~~~#.## #
##....)..≈~~..#.## #
#<.......~.~~....#########
+.......~≈~≈~.............
#........~~.≈......###.###
##.....).≈~~~...##.# #.# #
##.....oo≈~~..###.# #.# #
##...#.≈~~~~.# #.# #.# #
##+##o@~~≈~.# #.# #.# #
#~~~~~~.# #.# #.#
..~~≈~~......# #.###
#.##.~~≈~#### #.... #.
#.≈≈~≈≈≈ ###.# ..
.~~~≈~≈≈≈ . #..~≈~≈≈≈≈
##~.≈.≈≈≈#


You could see an orc priest and 2 orcs.

Vanquished Creatures
  An orc priest (D:3)
  2 orc wizards (D:3)
  3 adders (D:3)
  2 worms
  4 orcs (D:3)
  7 ball pythons
  3 endoplasms
  2 giant cockroaches (D:2)
  5 goblins
  6 hobgoblins
  2 quokkas (D:2)
  3 bats
  3 frilled lizards
  11 kobolds
  3 rats (D:1)
57 creatures vanquished.

Notes
Turn   | Place    | Note
-------+----------+-------------------------------------------
     0 | D:1      | Pimp the Tengu Reaver began the quest for the Orb.
     0 | D:1      | Reached XP level 1. HP: 12/12 MP: 4/4
    78 | D:1      | Found a faded altar of an unknown god.
   119 | D:1      | Reached XP level 2. HP: 17/17 MP: 6/6
   826 | D:2      | Reached XP level 3. HP: 13/21 MP: 7/7
  1627 | D:3      | Reached XP level 4. HP: 27/27 MP: 8/8
  1910 | D:3      | Found an iron altar of Okawaru.
  1932 | D:3      | Became a worshipper of Warmaster Okawaru
  1953 | D:3      | Found a white marble altar of Elyvilon.
  1971 | D:3      | Gained mutation: Your magical nature lets you fly swiftly
                  | and evasively. [Tengu growth]
  1971 | D:3      | Reached XP level 5. HP: 30/32 MP: 9/9
  2392 | D:3      | Reached skill level 5 in Conjurations
  2398 | D:3      | Killed from afar by an orc priest

Illustrated notes

Levels and vault maps discovered:
D:1:      matt_arrival_diagonals, layout_basic,
          shapermc_ecumenical_altar_starsandcircs
D:2:      layout_loops_ring, minmay_diced_spiral
D:3:      layout_loops_corners, mainiacjoe_overflow_boulevard, elyvilon_altar_1,
          chequers_serial_rivers_large_a, kennysheep_generic_room_12

Skill      XL: |  1  2  3  4  5 |
---------------+----------------+-----
Dodging        | 3 |  3.3
Long Blades    | 4 |  4.1
Fighting       | 3 |  3.0
Conjurations   | 5 |  5.0
Spellcasting   | |  2.8

Action                     |  1- 3 |  4- 6 || total
---------------------------+-------+-------++-------
  Melee: Falchion          |    73 |    64 ||   137
         Kick              |    17 |    11 ||    28
         Peck              |     8 |     8 ||    16
         Punch             |     1 |     1 ||     2
    Use: Scroll            |     8 |       ||     8
         Potion            |       |     5 ||     5
 Armour: Leather armour    |    10 |       ||    10
         Ring mail         |     6 |    30 ||    36
  Dodge: Dodged            |    43 |    24 ||    67
